 Dungeon Crawl Stone Soup version 0.30.1-4-g462c640d31 (webtiles) character file.

Game seed: 1483445602326666881

32877 Gabide the Tainter (level 13, -2/151 (153) HPs)
             Began as a Demigod Venom Mage on Aug 27, 2023.
             Slain by a death scarab (18 damage)
             ... in a Gauntlet on Aug 28, 2023.
             The game lasted 01:13:40 (25336 turns).

Gabide the Tainter (Demigod Venom Mage)            Turns: 25336, Time: 01:13:41

HP:   -2/151 (153)  AC: 26    Str:  9    XL:     13   Next: 5%
MP:   23/32         EV:  2    Int: 33    God:
Gold: 606           SH:  0    Dex: 14    Spells: 14/32 levels left

rFire   . . .        b - +4 scimitar (flame)
rCold   + . .        (no shield)
rNeg    . . .        C - melded +0 acid dragon scales
rPois   +            k - melded +1 helmet of Stoicism {rElec rCorr MP+9}
rElec   .            o - melded +2 cloak
rCorr   .            D - melded +2 pair of gloves {infuse}
SInv    .            I - melded +1 pair of boots
Will    ++...        O - amulet of the acrobat
Stlth   ++           l - ring of protection from cold
HPRegen 0.45/turn    p - ring of willpower
MPRegen 0.23/turn

%: no teleportation, acrobat
@: mighty, tree-form, hasted and slowed, lightly drained, invisible, very slow
A: stationary, stasis, torment immunity, boosted hp, high MP 1, forlorn, divine
attributes
a: no special abilities


You were in a Gauntlet.
You were a tree.
You visited 3 branches of the dungeon, and saw 17 of its levels.
You also visited: Gauntlet.

You collected 1108 gold pieces.
You spent 502 gold pieces at shops.

Inventory:

Hand Weapons
 b - a +4 scimitar of flaming (weapon)
 f - a +1 dagger of holy wrath
 r - a +1 vampiric short sword
Missiles
 g - 76 poisoned darts
Armour
 c - a +2 robe of cold resistance
 k - the +1 helmet of Stoicism (melded) {rElec rCorr MP+9}
   (You found it on level 3 of the Dungeon)

   rElec:     It insulates you from electricity.
   MP:        It affects your magic capacity (+9).
   rCorr:     It protects you from acid and corrosion.
 o - a +2 cloak (melded)
 C - +0 acid dragon scales (melded)
 D - a +2 pair of gloves of infusion (melded)
 G - a +2 robe of positive energy
 I - a +1 pair of boots (melded)
Magical Staves
 a - a staff of poison
Jewellery
 d - a ring of ice
 l - a ring of protection from cold (left branch)
 p - a ring of willpower (right branch)
 u - an amulet of guardian spirit
 A - a ring of wizardry
 E - a ring of protection from cold
 M - a ring of willpower
 O - an amulet of the acrobat (around neck)
 S - a ring of willpower
Wands
 j - a wand of mindburst (6)
 y - a wand of polymorph (10)
 B - a wand of flame (75)
 R - a wand of paralysis (6)
Scrolls
 i - 8 scrolls of teleportation
 w - 2 scrolls of magic mapping
 L - 2 scrolls of torment
 N - 2 scrolls of identify
 Q - a scroll of poison
Potions
 e - a potion of curing
 h - a potion of magic
 m - 5 potions of lignification
 n - 2 potions of flight
 q - 2 potions of brilliance
 s - a potion of cancellation
 t - a potion of haste
 x - a potion of attraction
 z - a potion of might
 F - 5 potions of ambrosia
 P - a potion of mutation
Miscellaneous
 J - a phial of floods (inert)


   Skills:
 - Level 6.0 Fighting
 - Level 6.0 Long Blades
 - Level 3.0 Armour
 - Level 6.0 Dodging
 - Level 3.0 Stealth
 + Level 10.3 Spellcasting
 + Level 10.6 Transmutations
 + Level 10.6 Poison Magic


You had 14 spell levels left.
You knew the following spells:

 Your Spells              Type           Power      Damage    Failure   Level
a - Sting                 Tmut/Pois      100%       1d8       1%          1
b - Poisonous Vapours     Pois/Air       100%       N/A       1%          2
c - Olgreb's Toxic Radia  Pois           72%        N/A       1%          4
d - Mephitic Cloud        Conj/Pois/Air  40%        N/A       1%          3
e - Alistair's Intoxicat  Tmut/Pois      48%        N/A       1%          5
f - Ignite Poison         Fire/Tmut/Pois 59%        N/A       1%          3

Your spell library contained the following spells:

 Spells                   Type           Power      Damage    Failure   Level
 Kiss of Death            Conj/Necr      68%        2d10      2%          1
 Magic Dart               Conj           68%        1d6       2%          1
 Shock                    Conj/Air       68%        1d7       2%          1
 Call Imp                 Summ           34%        N/A       4%          2
 Lesser Beckoning         Tloc           34%        N/A       4%          2
 Dazzling Flash           Conj/Hex       34%        N/A       9%          3
 Gell's Gravitas          Tloc           17%        N/A       9%          3
 Swiftness                Air            17%        N/A       9%          3
 Teleport Other           Tloc           17%        N/A       9%          3
 Volatile Blastmotes      Fire/Tloc      34%        2d12      9%          3
 Airstrike                Air            8%         2d(2-18)  26%         4
 Iskenderun's Mystic Bla  Conj/Tloc      17%        2d5       26%         4
 Sticky Flame             Conj/Fire      17%        2d4       26%         4
 Summon Forest            Summ/Tloc      8%         N/A       58%         5
 Summon Mana Viper        Hex/Summ       17%        N/A       58%         5
 Simulacrum               Ice/Necr       8%         N/A       99%         6
 Starburst                Conj/Fire      8%         6d4       99%         6
 Summon Cactus Giant      Summ           8%         N/A       99%         6
 Malign Gateway           Summ/Tloc      8%         N/A       100%        7
 Ignition                 Fire           8%         3d5       100%        8


Dungeon Overview and Level Annotations

Branches:
Dungeon (12/15)            Temple (1/1) D:4            Lair (4/5) D:9
 Shoals (0/4) Lair:3       Spider (0/4) Lair:3          Orc (0/2) D:11
Gauntlet (1/1)
  Slime: Lair:4-5

Shops:
D:4 :   D:10 [   D:11 ([

Annotations:
D:9 1 runed translucent door, exclusion: oklob plant, Quickbrownfox's ghost, journeyman OpCj Gauntlet 9 transporters


Innate Abilities, Weirdness & Mutations

You are a tree.
Your roots penetrate the ground, keeping you stationary.
You cannot be teleported.
You are immune to unholy pain and torment.
Your maximum health is greatly increased.
Your equipment is partially melded.
You have an increased reservoir of magic. (+10% MP)
You shall have no god before yourself.
Your divine heritage dramatically boosts your attributes as you level up.


Message History

The +1 helmet of Stoicism {rElec rCorr MP+9} melds into your body.
Your +2 pair of gloves of infusion melds into your body.
Your +1 pair of boots melds into your body.
Your +0 acid dragon scales melds into your body.
You feel your magic capacity decrease.
You feel magic leave your hands.
Your roots penetrate the ground.
The spectral death yak gores you but does no damage.
Aim the phial where?
Press: ? - help, Shift-Dir - straight line, f/p - death scarab
Aim: a death scarab (lightly damaged, unable to see you)
The torrent of water hits the spectral death yak.
The spectral death yak is severely damaged.
The spectral death yak is knocked back by the torrent of water.
The wave splashes down.
Splash!
You fall into the shallow water.
Moving in this stuff is going to be slow. ...and don't expect to remain undetected.
You hear a faint skittering sound.
Aiming: Paralyse
Press: ? - help, Shift-Dir - straight line, f/p - death scarab
Aim: a death scarab (lightly damaged, chance to affect: 17%)
Okay, then.
Okay, then.
Unknown command.
Unknown command.
Okay, then.
Casting: Ignite Poison (safe; 1% risk of failure)
Confirm with . or Enter, or press ? or * to list all spells.
Aiming: Mephitic Cloud (safe; 1% risk of failure)
Press: ? - help, Shift-Dir - straight line, f - spectral death yak, p - death scarab
Aim: a spectral death yak (severely damaged, not susceptible)
The ball explodes into a vile cloud!
The stinking cloud engulfs the death scarab but does no damage.
The death scarab is lightly damaged.
The stinking cloud engulfs the spectral death yak but does no damage.
The spectral death yak is severely damaged.
The stinking cloud engulfs you but does no damage.
The death scarab bites you!!
You die...

..##≈...............###########.
...##...#########...#.#####...#.
....#...#.......#...#....##.###.
.©8.#...#.#.###.#####.###...###.
....#...#$.^.#..#...#.##.##...#.
.©8.#.8.#©.#©#.##©.©#©.#.##.###©
....#...#=.#~^.##...#.##..©.###.
.©8.#...#?###§#######)##.###..#.
....#...#....ZB♣#...#.#..##..##.
...##...#########...#.##....###.
..##≈...............###########.
.# ##.8.....8...................
##...............8.....8.....8
#≈...###########..............
##...#.^.......#...#########..
#≈...#.##.##.#.#...#ZZZBZZB#..
##§§.#!.^..#...#####[#.#.8.#..


You could see 2 spectral death yaks and a death scarab.

Vanquished Creatures
  A green death (Gauntlet)
  Josephine (D:11)
  Fannar (D:12)
  Erolcha (D:11)
  2 boulder beetles (D:11)
  3 hydras
  3 two-headed ogres
  2 oklob plants (Lair:1)
  A deep elf pyromancer (D:11)
  2 cyclopes
  A manticore (D:11)
  4 elephants (Lair:2)
  An orange demon (Gauntlet)
  7 cane toads
  2 black mambas
  6 gargoyles (D:12)
  An efreet (D:12)
  5 komodo dragons
  2 unseen horrors
  A freezing wraith (D:12)
  A polar bear (Lair:3)
  A queen bee (D:11)
  3 trolls
  A meliai (Lair:3)
  A spectral black mamba (Gauntlet)
  6 wraiths
  5 wyverns
  A vampire (D:10)
  22 yaks
  A hog (shapeshifter) (D:12)
  3 basilisks
  11 water moccasins
  2 acid dragons
  3 orc warriors
  5 black bears
  A black bear (shapeshifter) (D:12)
  An ice beast (D:7)
  An ogre (D:6)
  10 wolves
  2 phantoms
  3 centaurs
  3 kobold brigands
  9 bullfrogs
  4 scorpions
  8 wights
  41 killer bees
  2 electric eels (Lair:2)
  3 howler monkeys
  2 hounds (D:6)
  3 jellies
  10 orc priests
  2 sleepcaps
  5 iguanas
  Ijyb (D:3)
  10 orc wizards
  4 gnolls (D:4)
  11 adders
  A river rat (D:6)
  A shadow imp (D:8)
  A white imp (D:6)
  2 worms (D:6)
  4 dart slugs
  39 orcs
  9 ball pythons
  5 endoplasms
  3 giant cockroaches
  5 goblins
  8 hobgoblins
  30 kobolds
  10 bats
  5 frilled lizards
  7 rats
379 creatures vanquished.

Notes
Turn   | Place    | Note
-------+----------+-------------------------------------------
     0 | D:1      | Gabide the Demigod Venom Mage began the quest for the Orb.
     0 | D:1      | Reached XP level 1. HP: 14/14 MP: 5/5
   169 | D:1      | Reached skill level 1 in Transmutations
   323 | D:1      | Reached XP level 2. HP: 22/22 MP: 4/7
  1486 | D:2      | Reached XP level 3. HP: 27/27 MP: 3/8
  1587 | D:2      | Reached skill level 1 in Fighting
  1978 | D:2      | Reached XP level 4. HP: 24/35 MP: 1/10
  2586 | D:2      | Identified a scroll of acquirement
  2586 | D:2      | Acquired a staff of poison
  3237 | D:3      | Identified the +1 helmet of Stoicism {rElec rCorr MP+9}
  3372 | D:3      | Noticed Ijyb
  3392 | D:3      | Killed Ijyb
  3528 | D:3      | Reached XP level 5. HP: 38/40 MP: 11/11
  3771 | D:3      | HP: 2/60 [phantom (6)]
  4134 | D:4      | Reached XP level 6. HP: 30/48 MP: 11/13
  4450 | D:4      | Found Lob Veapn's Tiny Tomes.
  4457 | D:4      | Bought the Vellum of the Snake for 156 gold pieces
  4460 | D:4      | Learned a level 2 spell: Poisonous Vapours
  4560 | D:4      | Found a staircase to the Ecumenical Temple.
  4567 | Temple   | Entered the Ecumenical Temple
  5069 | D:5      | Entered Level 5 of the Dungeon
  5548 | D:5      | Reached XP level 7. HP: 57/57 MP: 15/15
  6575 | D:6      | Reached skill level 5 in Poison Magic
  6766 | D:6      | Reached XP level 8. HP: 63/63 MP: 18/18
  7108 | D:6      | Found a glowing drain.
  7345 | D:6      | Reached skill level 5 in Transmutations
  7818 | D:7      | Reached skill level 5 in Spellcasting
  8379 | D:7      | Noticed Maggie
  8394 | D:7      | Maggie changed into Maggie the bullfrog
  8394 | D:7      | Noticed Maggie
  8399 | D:7      | Killed Maggie the bullfrog
  8420 | D:7      | Learned a level 4 spell: Olgreb's Toxic Radiance
  8803 | D:7      | Reached skill level 1 in Armour
  8803 | D:7      | Reached XP level 9. HP: 40/69 MP: 18/21
  9487 | D:8      | Killed an unseen horror
 10786 | D:8      | Noticed a two-headed ogre
 10821 | D:8      | Killed a two-headed ogre
 10839 | D:8      | Noticed a two-headed ogre
 10868 | D:8      | Killed a two-headed ogre
 10869 | D:8      | Reached XP level 10. HP: 77/77 MP: 24/24
 12024 | D:9      | Learned a level 3 spell: Mephitic Cloud
 12030 | D:9      | Learned a level 5 spell: Alistair's Intoxication
 12252 | D:9      | Found a staircase to the Lair.
 12385 | D:9      | Found a runed translucent door.
 12413 | D:9      | Noticed Quickbrownfox's ghost (journeyman OpCj)
 12841 | D:9      | Noticed an oklob plant
 13228 | Lair:1   | Entered Level 1 of the Lair of Beasts
 13837 | Lair:1   | Noticed a black mamba
 14108 | D:10     | Entered Level 10 of the Dungeon
 14111 | D:10     | Noticed a two-headed ogre
 14121 | D:10     | Killed a two-headed ogre
 14122 | D:10     | Reached XP level 11. HP: 67/82 MP: 2/27
 14535 | D:10     | Found Oxayz's Antique Armour Shop.
 14542 | D:10     | Bought a pair of embroidered gloves for 232 gold pieces
 15579 | D:11     | Noticed a boulder beetle
 15585 | D:11     | Noticed Erolcha
 15588 | D:11     | Killed a boulder beetle
 15589 | D:11     | Reached skill level 5 in Fighting
 15601 | D:11     | Killed Erolcha
 15988 | D:11     | Reached skill level 5 in Dodging
 16207 | D:11     | Noticed a deep elf pyromancer
 16220 | D:11     | Killed a deep elf pyromancer
 16507 | D:10     | Bought a glowing robe for 114 gold pieces
 17006 | D:11     | Reached skill level 1 in Long Blades
 17060 | D:11     | Found Voute's Weapon Emporium.
 17064 | D:11     | Found a staircase to the Orcish Mines.
 17065 | D:11     | Noticed Josephine
 17079 | D:11     | Killed Josephine
 17278 | D:11     | Found Seisuix's Armour Emporium.
 17435 | D:11     | Noticed a boulder beetle
 17449 | D:11     | Killed a boulder beetle
 17499 | D:11     | Identified the +0 ring mail of the Guild-Master {rPois}
 17640 | D:11     | Identified the +3 ring mail of Baldness {Rampage rElec
                  | Str-5 Dex+3}
 17976 | D:12     | Noticed Fannar
 18019 | D:12     | Killed Fannar
 18020 | D:12     | Reached skill level 5 in Long Blades
 18020 | D:12     | Reached XP level 12. HP: 32/96 MP: 18/29
 20366 | Lair:1   | Got the Tractate on Ghastly Points
 21955 | Lair:2   | Reached skill level 10 in Transmutations
 21955 | Lair:2   | Reached skill level 10 in Poison Magic
 22931 | Lair:3   | Noticed a six-headed hydra
 22946 | Lair:2   | Killed a two-headed hydra
 23163 | Lair:3   | Reached skill level 10 in Spellcasting
 23335 | Lair:3   | Noticed a five-headed hydra
 23336 | Lair:3   | Found a staircase to the Shoals.
 23356 | Lair:3   | Killed a one-headed hydra
 23902 | Lair:3   | Found a hole to the Spider Nest.
 24371 | Lair:4   | Learned a level 3 spell: Ignite Poison
 24597 | Lair:4   | Noticed a six-headed hydra
 24610 | Lair:4   | Killed a six-headed hydra
 24776 | Lair:4   | Found a gate leading to a gauntlet.
 24789 | Lair:4   | Reached XP level 13. HP: 100/102 MP: 25/32
 24790 | Gauntlet | Entered a Gauntlet
 24790 | Gauntlet | Found a transporter.
 24850 | Gauntlet | Found a transporter.
 24862 | Gauntlet | Found a transporter.
 24866 | Gauntlet | Found a transporter.
 24882 | Gauntlet | Found a transporter.
 24896 | Gauntlet | Found a transporter.
 24909 | Gauntlet | Found a transporter.
 24933 | Gauntlet | Found a transporter.
 24933 | Gauntlet | Found a transporter.
 24941 | Gauntlet | Found a transporter.
 24967 | Gauntlet | Found a transporter.
 24969 | Gauntlet | Found a transporter.
 25336 | Gauntlet | Slain by a death scarab

Illustrated notes

Levels and vault maps discovered:
D:1:      heliophobic_arrival_battle_scene, layout_basic, minmay_pentomino_u4
D:2:      layout_loops_cross, hellmonk_ecumenical_altar_lost_god
D:3:      layout_basic, serial_park_tiny_1, uniq_ijyb
D:4:      layout_loops_cross, temple_green, dk_noncrumbling_4,
          ebering_dispersal_statue_hall, nicolae_shop_i_like_small_books_too
D:5:      layout_cave_pods
D:6:      corexii_shack_village, layout_basic, mainiacjoe_overflow_big_doors,
          gup_sewer_entry_spiral
D:7:      layout_gridville, mainiacjoe_overflow_catwalk, uniq_maggie
D:8:      layout_basic, david_defended_altar_orc
D:9:      layout_basic, okawaru_trees_2, tgw_fedhas, fiery_altar_vehumet,
          nicolae_overflow_crystal_walls, minmay_lair_entry_grove,
          ebering_ghost_reflecting_pool
D:10:     layout_roguey, mainiacjoe_overflow_catwalk_spiral, serial_shops,
          nicolae_shop_tiny_glass
D:11:     layout_irregular_city, orc_david_3, minivault_7, uniq_josephine,
          uniq_erolcha
D:12:     layout_basic, kb_rosetta, uniq_fannar
Temple:   cyrus_circular_temple
Lair:1:   layout_cave_pods, minmay_lair_oklob_items, lemuel_oklob_altar
Lair:2:   layout_gridlike, serial_bayou_shore_a, grunt_megastairs_1
Lair:3:   layout_chaotic_city, shoals_dummy_entry,
          hellmonk_spider_entry_not_the_bees, infiniplex_staircase_pool
Lair:4:   layout_hall_layers, gauntlet_entry_generic
Gauntlet: minmay_gauntlet_mixed_oops_all_seconds
          [minmay_gauntlet_arena_77_museum, gammafunk_gauntlet_arena_crates,
          minmay_gauntlet_arena_77_mirror, nicolae_gauntlet_arena_grate_2,
          minmay_gauntlet_arena_77_broken_ladder, nicolae_gauntlet_arena_blocks,
          dreamdust_gauntlet_exit_labyrinth]

Skill      XL: |  1  2  3  4  5  6  7  8  9 10 11 12 |
---------------+-------------------------------------+-----
Transmutations | 1 2 3 4 6 7 8 9 10 | 10.6
Dodging        | 2 3 6 |  6.0
Stealth        | 2 3 |  3.0
Spellcasting   | 2 3 4 6 7 8 9 10 | 10.3
Poison Magic   | 3 4 5 6 7 9 10 | 10.6
Fighting       | 1 2 3 6 |  6.0
Armour         | 1 3 |  3.0
Long Blades    | 5 6 |  6.0

Action                     |  1- 3 |  4- 6 |  7- 9 | 10-12 | 13-15 || total
---------------------------+-------+-------+-------+-------+-------++-------
  Melee: Short sword       |     1 |     8 |       |       |       ||     9
         Staff             |       |     1 |     4 |   143 |       ||   148
         Dagger            |       |       |   100 |    33 |       ||   133
         Punch             |       |       |     2 |     7 |       ||     9
         Scimitar          |       |       |       |   238 |     5 ||   243
  Throw: Throwing net      |       |     1 |       |     1 |     1 ||     3
   Cast: Sting             |    98 |   171 |   319 |   215 |     1 ||   804
         Poisonous Vapours |       |       |    16 |    35 |     2 ||    53
         Mephitic Cloud    |       |       |       |    75 |     3 ||    78
         Olgreb's Toxic Ra |       |       |       |    79 |       ||    79
         Alistair's Intoxi |       |       |       |    18 |     5 ||    23
         Ignite Poison     |       |       |       |    11 |     5 ||    16
  Evoke: Wand              |       |    11 |    16 |    23 |       ||    50
         Phial of floods   |       |       |       |     1 |     1 ||     2
    Use: Scroll            |     3 |     8 |     8 |    11 |     1 ||    31
         Potion            |       |     2 |     4 |     8 |     9 ||    23
   Stab: Paralysed         |       |       |     2 |    10 |       ||    12
         Confused          |       |       |       |     2 |       ||     2
         Sleeping          |       |       |       |     1 |       ||     1
 Armour: Robe              |    10 |    32 |    68 |       |       ||   110
         Acid dragon scale |       |       |    65 |   277 |     9 ||   351
         Skin              |       |       |       |    17 |     1 ||    18
  Dodge: Dodged            |    26 |    75 |   263 |   433 |    18 ||   815
